 Dungeon Crawl Stone Soup version 0.19.1 (webtiles) character file.

833 glosham the Grappler (level 7, 0/67 HPs)
             Began as a Troll Berserker on Dec 1, 2016.
             Was a Believer of Trog.
             Slain by an orc
             ... wielding a +0 dagger
              (5 damage)
             ... on level 6 of the Dungeon.
             The game lasted 00:12:51 (571 turns).

glosham the Grappler (Troll Berserker)               Turns: 571, Time: 00:12:51

Health: 0/67       AC:  5    Str: 26    XL:     7   Next: 66%
Magic:  6/6        EV: 10    Int:  3    God:    Trog [**....]
Gold:   57         SH:  0    Dex: 11    Spells: 0 memorised, 6 levels left

rFire  . . .     SeeInvis +       - Unarmed
rCold  . . .     Gourm    +     a - +0 animal skin
rNeg   . . .     Faith    .     (no shield)
rPois  .         Spirit   .     h - +0 mask of the Dragon {MR+ Slay+3 SInv}
rElec  .         Reflect  .     (no cloak)
rCorr  .         Harm     .     (gloves unavailable)
MR     +....                    (boots unavailable)
Stlth  ..........               (no amulet)
                                (no ring)
                                A - ring of loudness (curse)

@: exhausted, slowed, very slow
A: unfitting armour, claws 3, fast metabolism 3, gourmand, regeneration 1,
shaggy fur 1, tough skin 2
a: Berserk, Trog's Hand, Burn Spellbooks, Renounce Religion


You were on level 6 of the Dungeon.
You worshipped Trog.
Trog was pleased with you.
You were not hungry.

You visited 1 branch of the dungeon, and saw 6 of its levels.

You collected 57 gold pieces.

Inventory:

Missiles
 c - 8 tomahawks (quivered)
 i - 4 needles of confusion
Armour
 a - a +0 animal skin (worn)
 h - the +0 mask of the Dragon (worn) {MR+ Slay+3 SInv}
   (You acquired it on level 6 of the Dungeon)

   It affects your accuracy and damage with ranged weapons and melee attacks
   (+3).
   It affects your resistance to hostile enchantments.
   It lets you see invisible.
Jewellery
 A - a cursed ring of loudness (left claw)
Wands
 k - a wand of teleportation (5/9)
Scrolls
 e - a scroll of enchant weapon
 f - a scroll of identify
Potions
 d - a potion of brilliance
 g - a potion of cancellation
Comestibles
 b - 2 bread rations
 j - a beef jerky
 l - a meat ration


   Skills:
 + Level 3.1 Fighting
 - Level 2.4 Dodging
 * Level 8.9 Unarmed Combat


You had 6 spell levels left.
You didn't know any spells.

Dungeon Overview and Level Annotations

Branches:
Dungeon (6/15)
 Temple: D:4-7

Altars:
Dithmenos


Innate Abilities, Weirdness & Mutations

You are too large for most types of armour.
You have claws for hands.
Your metabolism is lightning-fast.
You like to eat raw meat.
Your natural rate of healing is unusually fast.
You are covered in fur. (AC +1)
You have very tough skin. (AC +2)


Message History

The orc shouts!
You mangle Blork the orc!!
You kill Blork the orc!
Trog accepts your kill.
Trog appreciates your killing of a magic user.
Your Fighting skill increases to level 3!
An orc comes into view. It is wielding a mace.
The orc shouts!
An orc comes into view. It is wielding a dagger.
You feel a strong urge to attack something.
The orc shouts!
An orc priest comes into view. It is wielding a trident.
You are no longer berserk.
You are exhausted.
You feel yourself slow down.
The orc priest shouts!
Found a shadowy altar of Dithmenos.
You claw the orc!
You kill the orc!
Trog accepts your kill.
The orc priest invokes the aid of Beogh against you.
Beogh smites you!
An orc comes into view.
The orc shouts!
The orc hits you with a dagger! The orc closely misses you.
The orc hits you but does no damage.
The orc priest hits you from afar with a trident!
* * * LOW HITPOINT WARNING * * *
The orc priest hits you from afar with a trident.
* * * LOW HITPOINT WARNING * * *
You mangle the orc!!
You kill the orc!
Trog accepts your kill.
The orc priest hits you from afar with a trident!
* * * LOW HITPOINT WARNING * * *
The orc hits you but does no damage.
Okay, then.
The orc priest looks braver for a moment.
The orc hits you but does no damage. The orc hits you with a dagger.
You die...

....... #
....... #.#
....... ..#.#
......_ .....
.(..... ....#
.......##'#.#
......o..>#.#
### #@#.#.# #<.
#oo.#.# ###
##.)#.# #..#.#
##.#.# #.#.#
#)..#
#...############
#...............


You could see an orc priest and 2 orcs.

Vanquished Creatures
  A hippogriff (D:5)
  Sigmund (D:2)
  Menkaure (D:5)
  2 ogres
  Blork the orc (D:6)
  An orc priest (D:4)
  An orc wizard (D:4)
  Natasha (D:3)
  3 adders
  2 worms
  A dart slug (D:1)
  2 leopard geckos
  5 orcs
  2 giant cockroaches
  A hobgoblin (D:2)
  A leopard gecko skeleton (D:6)
26 creatures vanquished.

Notes
Turn   | Place    | Note
-------+----------+-------------------------------------------
     0 | D:1      | glosham the Troll Berserker began the quest for the Orb.
     0 | D:1      | Reached XP level 1. HP: 22/22 MP: 0/0
   112 | D:1      | You fall through a shaft!
   112 | D:2      | Noticed Sigmund
   120 | D:2      | Killed Sigmund
   120 | D:2      | Reached skill level 6 in Unarmed Combat
   120 | D:2      | Reached XP level 2. HP: 27/29 MP: 1/1
   120 | D:2      | Reached XP level 3. HP: 34/36 MP: 2/2
   120 | D:2      | Reached XP level 4. HP: 42/44 MP: 3/3
   120 | D:2      | Reached XP level 5. HP: 48/50 MP: 4/4
   193 | D:3      | Noticed Natasha
   211 | D:3      | Killed Natasha
   354 | D:4      | Reached XP level 6. HP: 59/59 MP: 5/5
   392 | D:5      | Entered Level 5 of the Dungeon
   410 | D:5      | Noticed a hippogriff
   417 | D:5      | Killed a hippogriff
   417 | D:5      | Reached skill level 7 in Unarmed Combat
   455 | D:5      | Reached skill level 8 in Unarmed Combat
   455 | D:5      | Reached XP level 7. HP: 50/66 MP: 6/6
   463 | D:5      | Noticed Menkaure
   469 | D:5      | HP: 7/99 [Menkaure (24)]
   473 | D:5      | Killed Menkaure
   473 | D:5      | Reached ** piety under Trog
   542 | D:6      | Identified a scroll of acquirement
   552 | D:6      | Noticed Blork the orc
   563 | D:6      | Killed Blork the orc
   563 | D:6      | Reached skill level 3 in Fighting
   566 | D:6      | Found a shadowy altar of Dithmenos.
   570 | D:6      | HP: 5/67 [orc priest/trident (8)]
   571 | D:6      | Slain by an orc

Skill      XL: |  1  2  3  4  5  6  7 |
---------------+----------------------+-----
Unarmed Combat | 6 8 |  8.9
Fighting       | 3 |  3.1
Dodging        | |  2.4

Action                   |  1- 3 |  4- 6 |  7- 9 || total
-------------------------+-------+-------+-------++-------
Melee: Unarmed           |    14 |    48 |    18 ||    80
       Punch             |       |     2 |       ||     2
Invok: Berserk           |     1 |     2 |     2 ||     5
  Use: Scroll            |     1 |     3 |     2 ||     6
 Stab: Sleeping          |       |     1 |       ||     1
  Eat: Chunk             |     3 |     8 |       ||    11
Armor: Skin              |       |     6 |       ||     6
       Animal skin       |       |     7 |     1 ||     8
Dodge: Dodged            |     5 |    16 |     4 ||    25

Table legend:
 A = Turns spent in this place as a percentage of turns spent in the entire game.
 B = Non-inter-level travel turns spent in this place as a percentage of non-inter-level travel turns spent in the entire game.
 C = Inter-level travel turns spent in this place as a percentage of turns spent in this place.
 D = Turns resting spent in this place as a percentage of non-inter-level travel turns spent in this place.
 E = Turns spent auto-exploring this place as a percentage of non-inter-level travel turns spent in this place.
 F = Non-inter-level travel turns spent in this place divided by the number of levels of this place that you've seen.
                   A       B       C       D       E      F
               +-------+-------+-------+-------+-------+----------------------
         Total | 100.0 | 100.0 |   0.0 |   1.4 |   0.0 |  85.5
       Dungeon | 100.0 | 100.0 |   0.0 |   1.4 |   0.0 |  85.5
               +-------+-------+-------+-------+-------+----------------------

Table legend:
 A = Kills in this place as a percentage of kills in entire the game.
 B = Kills by you in this place as a percentage of kills by you in the entire game.
 C = Kills by friends in this place as a percentage of kills by friends in the entire game.
 D = Other kills in this place as a percentage of other kills in the entire game.
 E = Experience gained in this place as a percentage of experience gained in the entire game.
 F = Experience gained in this place divided by the number of levels of this place that you have seen.
                   A       B       C       D       E      F
               +-------+-------+-------+-------+-------+----------------------
         Total | 100.0 | 100.0 |  -nan |  -nan | 100.0 | 198.5
       Dungeon | 100.0 | 100.0 |  -nan |  -nan | 100.0 | 198.5
               +-------+-------+-------+-------+-------+----------------------

Vault maps used:
D:1:      moated_graveyard_arrival
D:2:      uniq_sigmund
D:3:      uniq_natasha, uniq_crazy_yiuf_cottage, uniq_terence, uniq_jessica
D:4:      chequers_temple_overflow_minitemple, portal_sewer_entry_e
D:5:      lemuel_crystal_altar, kennysheep_mini_moat, first_bread, uniq_grinder,
          uniq_menkaure, uniq_pikel
D:6:      cheibrodos_thug_alley, overflow_temple_1_default,
          overflow_temple_1_default, kennysheep_little_box, uniq_blork_the_orc
